NYP
EUGENE EMERALDS @ SALEM-KEIZER VOLCANOES
08/28/2044
 
TOP OF THE 1ST
Eugene Emeralds batting - Pitching for Salem-Keizer Volcanoes : RHP Tim Welshman
Pitching: RHP Tim Welshman
Batting: RHB David Barnard 0-0: Ground out U3 (Groundball, 3, EV 90.0 MPH)
Batting: LHB Kwang-chih Men 0-0: Called Strike
0-1: Ball
1-1: Ball
2-1: Swinging Strike
2-2: Ball
3-2: Foul Ball, location: 2F
3-2: Base on Balls
Batting: RHB Francisco Ramirez 0-0: Ball
1-0: Called Strike
1-1: Foul Ball, location: 2F
1-2: Strikes out swinging
Batting: RHB Jonathan Sotelo 0-0: Called Strike
0-1: Called Strike
Kwang-chih Men steals 2nd base
0-2: Ball
1-2: Ground out 4-3 (Groundball, 34, EV 105.6 MPH)
Top of the 1st over - 0 runs, 0 hits, 0 errors, 1 left on base; Eugene 0 - Salem-Keizer 0
BOTTOM OF THE 1ST
Salem-Keizer Volcanoes batting - Pitching for Eugene Emeralds : LHP Jesse Fields
Pitching: LHP Jesse Fields
Batting: LHB Pat Aviles 0-0: Swinging Strike
0-1: Hit by Pitch
Batting: RHB Lucan Esini 0-0: Ball
1-0: Ball
2-0: SINGLE (Groundball, 6S, EV 64.4 MPH) (infield hit)
Pat Aviles to second
Batting: RHB Chris King 0-0: Called Strike
Pat Aviles steals 3rd base
0-1: Ball
1-1: Ball
Lucan Esini is caught stealing 2nd base 2-4
2-1: Ball
3-1: Foul Ball, location: 2F
3-2: Fly out, F8 (Flyball, 8RD, EV 91.3 MPH)
Runner from 3rd tags up, SCORES, no throw by CF
Batting: LHB Pong-keun Koh 0-0: Ball
1-0: Foul Ball, location: 2F
1-1: Ball
2-1: Foul Ball, location: 2F
2-2: Fly out, F9 (Flyball, 89D, EV 104.4 MPH)
Bottom of the 1st over - 1 run, 1 hit, 0 errors, 0 left on base; Eugene 0 - Salem-Keizer 1
TOP OF THE 2ND
Eugene Emeralds batting - Pitching for Salem-Keizer Volcanoes : RHP Tim Welshman
Batting: RHB Brian Gargis 0-0: Foul Ball, location: 2F
0-1: Ball
1-1: Ball
2-1: Called Strike
2-2: Strikes out swinging
Batting: RHB Dylan Burke 0-0: Ball
1-0: Ball
2-0: Foul Ball, location: 2F
2-1: Ball
3-1: Base on Balls
Batting: SHB Bob Hamilton 0-0: Ball
1-0: Ball
2-0: Ball
3-0: Called Strike
3-1: Called Strike
3-2: Base on Balls
Dylan Burke to second
Batting: RHB Ryan Walker 0-0: Ball
1-0: Swinging Strike
1-1: Ball
2-1: Foul Ball, location: 2F
2-2: Foul Ball, location: 2F
2-2: Foul Ball, location: 2F
2-2: Ball
3-2: Foul Ball, location: 2F
3-2: Foul Ball, location: 2F
3-2: Strikes out swinging
Batting: RHB Ricky Lule 0-0: Ball
1-0: Ground out 5-3 (Groundball, 15, EV 87.5 MPH)
Top of the 2nd over - 0 runs, 0 hits, 0 errors, 2 left on base; Eugene 0 - Salem-Keizer 1
BOTTOM OF THE 2ND
Salem-Keizer Volcanoes batting - Pitching for Eugene Emeralds : LHP Jesse Fields
Batting: LHB Gil Caraveo 0-0: Ground out 4-3 (Groundball, 4, EV 100.0 MPH)
Batting: LHB Al Hernandez 0-0: Ball
1-0: Ball
2-0: Ball
3-0: Base on Balls
Batting: RHB Gabe Ochoa 0-0: Foul Ball, location: 2F
0-1: Ball
1-1: Swinging Strike
1-2: Ball
2-2: Grounds into double play, 5-4-3 (Groundball, 56, EV 107.5 MPH)
Bottom of the 2nd over - 0 runs, 0 hits, 0 errors, 0 left on base; Eugene 0 - Salem-Keizer 1
TOP OF THE 3RD
Eugene Emeralds batting - Pitching for Salem-Keizer Volcanoes : RHP Tim Welshman
Batting: RHB David Barnard 0-0: Called Strike
0-1: Foul Ball, location: 2F
0-2: Ball
1-2: Ball
2-2: Ball
3-2: Fly out, F8 (Flyball, 8RXD, EV 106.9 MPH)
Batting: LHB Kwang-chih Men 0-0: Foul Ball, location: 2F
0-1: Ball
1-1: Ball
2-1: Ground out 4-3 (Groundball, 34, EV 85.6 MPH)
Batting: RHB Francisco Ramirez 0-0: Ball
1-0: Ball
2-0: Foul Ball, location: 2F
2-1: Foul Ball, location: 2F
2-2: DOUBLE (Groundball, 5L, EV 97.5 MPH)
Batting: RHB Jonathan Sotelo 0-0: Ball
1-0: Ground out 1-3 (Groundball, 13S, EV 70.6 MPH)
Top of the 3rd over - 0 runs, 1 hit, 0 errors, 1 left on base; Eugene 0 - Salem-Keizer 1
BOTTOM OF THE 3RD
Salem-Keizer Volcanoes batting - Pitching for Eugene Emeralds : LHP Jesse Fields
Batting: RHB Alfredo Lemus 0-0: Ground out 1-3 (Groundball, 23, EV 67.5 MPH)
Batting: RHB Willie Sanchez 0-0: Ball
1-0: Swinging Strike
1-1: Called Strike
1-2: Strikes out swinging
Batting: LHB Pat Aviles 0-0: Ball
1-0: Ball
2-0: Called Strike
2-1: SINGLE (Groundball, 34, EV 101.9 MPH)
Batting: RHB Lucan Esini 0-0: Ball
1-0: Called Strike
Pat Aviles steals 2nd base
1-1: Fly out, F9 (Flyball, 9S, EV 85.0 MPH)
Bottom of the 3rd over - 0 runs, 1 hit, 0 errors, 1 left on base; Eugene 0 - Salem-Keizer 1
TOP OF THE 4TH
Eugene Emeralds batting - Pitching for Salem-Keizer Volcanoes : RHP Tim Welshman
Batting: RHB Brian Gargis 0-0: Ball
1-0: Fly out, F9 (Flyball, 9LS, EV 90.0 MPH)
Batting: RHB Dylan Burke 0-0: Called Strike
0-1: Ground out 5-3 (Groundball, 56, EV 85.6 MPH)
Batting: SHB Bob Hamilton 0-0: Ball
1-0: Ball
2-0: Ball
3-0: Foul Ball, location: 2F
3-1: Base on Balls
Batting: RHB Ryan Walker 0-0: Ball
Bob Hamilton is caught stealing 2nd base 2-4
Top of the 4th over - 0 runs, 0 hits, 0 errors, 0 left on base; Eugene 0 - Salem-Keizer 1
BOTTOM OF THE 4TH
Salem-Keizer Volcanoes batting - Pitching for Eugene Emeralds : LHP Jesse Fields
Batting: RHB Chris King 0-0: Ball
1-0: Foul Ball, location: 2F
1-1: Ball
2-1: Ball
3-1: Ground out 5-3 (Groundball, 56S, EV 87.5 MPH)
Batting: LHB Pong-keun Koh 0-0: Ball
1-0: Ball
2-0: Foul Ball, location: 2F
2-1: Foul Ball, location: 2F
2-2: Ball
3-2: Base on Balls
Batting: LHB Gil Caraveo 0-0: Ball
1-0: Called Strike
1-1: Ball
2-1: Called Strike
2-2: TRIPLE (Line Drive, 9LD, EV 105.0 MPH)
Pong-keun Koh scores
Batting: LHB Al Hernandez 0-0: Swinging Strike
0-1: Called Strike
0-2: DOUBLE (Line Drive, 7LS, EV 88.8 MPH)
Gil Caraveo scores
Batting: RHB Gabe Ochoa 0-0: Called Strike
0-1: Foul Ball, location: 2F
0-2: Strikes out swinging
Batting: RHB Alfredo Lemus 0-0: Called Strike
0-1: Foul Ball, location: 2F
0-2: Foul Ball, location: 2F
0-2: Strikes out swinging
Bottom of the 4th over - 2 runs, 2 hits, 0 errors, 1 left on base; Eugene 0 - Salem-Keizer 3
TOP OF THE 5TH
Eugene Emeralds batting - Pitching for Salem-Keizer Volcanoes : RHP Tim Welshman
Batting: RHB Ryan Walker 0-0: Called Strike
0-1: Called Strike
0-2: Ball
1-2: Foul Ball, location: 2F
1-2: Ball
2-2: Foul Ball, location: 2F
2-2: Ball
3-2: Base on Balls
Pitching: RHP Corey Cauley
Batting: RHB Ricky Lule 0-0: Ball
1-0: Foul Ball, location: 2F
1-1: Foul Ball, location: 2F
1-2: Grounds into double play, 5-4-3 (Groundball, 5S, EV 92.5 MPH)
Batting: RHB David Barnard 0-0: Ground out 6-3 (Groundball, 6, EV 101.9 MPH)
Top of the 5th over - 0 runs, 0 hits, 0 errors, 0 left on base; Eugene 0 - Salem-Keizer 3
BOTTOM OF THE 5TH
Salem-Keizer Volcanoes batting - Pitching for Eugene Emeralds : LHP Jesse Fields
Batting: RHB Willie Sanchez 0-0: Called Strike
0-1: Ball
1-1: Ball
2-1: Ball
3-1: Base on Balls
Batting: LHB Pat Aviles 0-0: Swinging Strike
0-1: Ball
1-1: Ball
2-1: Called Strike
2-2: Ball
3-2: Foul Ball, location: 2F
3-2: Foul Ball, location: 2F
3-2: SINGLE (Line Drive, 9LS, EV 96.3 MPH)
Willie Sanchez to second
Runner from 2nd tries for 3rd, SAFE, throw by RF made to third
Batting: RHB Lucan Esini 0-0: Ball
Pat Aviles is caught stealing 2nd base 2-4
1-0: Ball
2-0: Ball
3-0: Base on Balls
Pitching: RHP Jose Marrero
Batting: RHB Chris King 0-0: Called Strike
Lucan Esini steals 2nd base
0-1: Ball
1-1: Foul Ball, location: 2F
1-2: Ground out U3 (Groundball, 3, EV 82.5 MPH)
Batting: LHB Pong-keun Koh 0-0: Foul Ball, location: 2F
0-1: Foul Ball, location: 2F
0-2: Ball
1-2: Ground out 2-3 (Groundball, 13S, EV 63.8 MPH)
Bottom of the 5th over - 0 runs, 1 hit, 0 errors, 2 left on base; Eugene 0 - Salem-Keizer 3
TOP OF THE 6TH
Eugene Emeralds batting - Pitching for Salem-Keizer Volcanoes : RHP Corey Cauley
Batting: LHB Kwang-chih Men 0-0: Ball
1-0: Ball
2-0: Fly out, F7 (Flyball, 7D, EV 95.0 MPH)
Batting: RHB Francisco Ramirez 0-0: Ball
1-0: Ball
2-0: Ground out 4-3 (Groundball, 4M, EV 98.1 MPH)
Batting: RHB Jonathan Sotelo 0-0: Ball
1-0: Foul Ball, location: 2F
1-1: Called Strike
1-2: Foul Ball, location: 2F
1-2: Foul Ball, location: 2F
1-2: Foul Ball, location: 2F
1-2: Strikes out looking
Top of the 6th over - 0 runs, 0 hits, 0 errors, 0 left on base; Eugene 0 - Salem-Keizer 3
BOTTOM OF THE 6TH
Salem-Keizer Volcanoes batting - Pitching for Eugene Emeralds : RHP Jose Marrero
Batting: LHB Gil Caraveo 0-0: Ground out 4-3 (Groundball, 4, EV 103.1 MPH)
Batting: LHB Al Hernandez 0-0: Ball
1-0: Ball
2-0: Ball
3-0: Called Strike
3-1: Swinging Strike
3-2: Strikes out looking
Batting: RHB Gabe Ochoa 0-0: Called Strike
0-1: Ball
1-1: Swinging Strike
1-2: Strikes out looking
Bottom of the 6th over - 0 runs, 0 hits, 0 errors, 0 left on base; Eugene 0 - Salem-Keizer 3
TOP OF THE 7TH
Eugene Emeralds batting - Pitching for Salem-Keizer Volcanoes : RHP Corey Cauley
Now in LF: Justin Layton
Batting: RHB Brian Gargis 0-0: Ball
1-0: Ball
2-0: Ball
3-0: Base on Balls
Batting: RHB Dylan Burke 0-0: Ball
1-0: Ball
Brian Gargis is caught stealing 2nd base 2-4
2-0: Ball
3-0: Base on Balls
Batting: SHB Bob Hamilton 0-0: Foul Ball, location: 2F
0-1: Ball
1-1: Fielders Choice at 2nd, 5-4 (Groundball, 6, EV 92.5 MPH)
Batting: RHB Ryan Walker 0-0: Ball
1-0: Ball
2-0: Called Strike
2-1: Ball
3-1: Called Strike
3-2: Base on Balls
Bob Hamilton to second
Batting: RHB Ricky Lule 0-0: Ball
1-0: Called Strike
1-1: Fielders Choice at 2nd, 5-4 (Groundball, 5, EV 80.6 MPH)
Top of the 7th over - 0 runs, 0 hits, 0 errors, 2 left on base; Eugene 0 - Salem-Keizer 3
BOTTOM OF THE 7TH
Salem-Keizer Volcanoes batting - Pitching for Eugene Emeralds : RHP Jose Marrero
Pitching: LHP Virgílio Beyfus
Batting: RHB Alfredo Lemus 0-0: Called Strike
0-1: Ball
1-1: Swinging Strike
1-2: Ball
2-2: Ball
3-2: Base on Balls
Batting: RHB Willie Sanchez 0-0: Bunted foul
0-1: Bunted foul
0-2: Ball
1-2: SINGLE (Groundball, 34S, EV 61.3 MPH) (infield hit)
Alfredo Lemus to second
Batting: LHB Pat Aviles 0-0: Called Strike
0-1: Ball
1-1: SINGLE (Groundball, 34, EV 98.8 MPH)
Alfredo Lemus to third
Willie Sanchez to second
Runner from 3rd tries for Home, SAFE, throw by RF to home
Batting: RHB Lucan Esini 0-0: Called Strike
0-1: Foul Ball, location: 2F
0-2: Foul Ball, location: 2F
0-2: Fielders Choice at 2nd, 5-4 (Groundball, 5, EV 88.1 MPH)
Willie Sanchez to third
Batting: RHB Justin Layton 0-0: Called Strike
0-1: Ball
1-1: Ball
2-1: Ball
Wild Pitch!
Willie Sanchez scores
Lucan Esini to second
3-1: Foul Ball, location: 2F
3-2: SINGLE (Line Drive, 34D, EV 95.6 MPH)
Lucan Esini to third
Runner from 3rd tries for Home, SAFE, throw by RF to home
Batting: LHB Pong-keun Koh 0-0: Grounds into double play, 5-4-3 (Groundball, 5, EV 78.8 MPH)
Bottom of the 7th over - 3 runs, 3 hits, 0 errors, 0 left on base; Eugene 0 - Salem-Keizer 6
TOP OF THE 8TH
Eugene Emeralds batting - Pitching for Salem-Keizer Volcanoes : RHP Corey Cauley
Now in LF: Sam Smith
Now in CF: Justin Layton
Batting: RHB David Barnard 0-0: Ball
1-0: Swinging Strike
1-1: Foul Ball, location: 2F
1-2: Foul Ball, location: 2F
1-2: Strikes out swinging
Batting: LHB Kwang-chih Men 0-0: Called Strike
0-1: Foul Ball, location: 2F
0-2: Foul Ball, location: 2F
0-2: Strikes out swinging
Batting: RHB Francisco Ramirez 0-0: Ground out 6-3 (Groundball, 6, EV 83.8 MPH)
Top of the 8th over - 0 runs, 0 hits, 0 errors, 0 left on base; Eugene 0 - Salem-Keizer 6
BOTTOM OF THE 8TH
Salem-Keizer Volcanoes batting - Pitching for Eugene Emeralds : LHP Virgílio Beyfus
Batting: LHB Gil Caraveo 0-0: Ball
1-0: SOLO HOME RUN (Line Drive, 7D, EV 103.1 MPH), Distance : 411 ft
Batting: LHB Al Hernandez 0-0: Ball
1-0: SINGLE (Groundball, 34D, EV 97.5 MPH)
Pitching: RHP Mark Duffy
Batting: RHB Gabe Ochoa 0-0: Ball
1-0: Called Strike
1-1: Fly out, F8 (Flyball, 8RS, EV 70.6 MPH)
Batting: RHB Alfredo Lemus 0-0: Fielders Choice at 2nd, 4-6 (Groundball, 34D, EV 85.0 MPH)
Batting: RHB Willie Sanchez 0-0: Called Strike
0-1: Foul Ball, location: 2F
0-2: Strikes out looking
Bottom of the 8th over - 1 run, 2 hits, 0 errors, 1 left on base; Eugene 0 - Salem-Keizer 7
TOP OF THE 9TH
Eugene Emeralds batting - Pitching for Salem-Keizer Volcanoes : RHP Corey Cauley
Batting: RHB Jonathan Sotelo 0-0: Ball
1-0: TRIPLE (Groundball, 3L, EV 103.8 MPH)
Pitching: RHP Chase Joy
Batting: RHB Brian Gargis 0-0: Called Strike
0-1: Ball
1-1: Ball
2-1: Called Strike
2-2: Ball
3-2: Base on Balls
Pinch Hitting: RHB Eddy Marcos 0-0: Foul Ball, location: 2F
0-1: Ball
1-1: Swinging Strike
1-2: Ball
2-2: Foul Ball, location: 2F
2-2: Ball
3-2: DOUBLE (Line Drive, 89D, EV 103.1 MPH)
Jonathan Sotelo scores
Brian Gargis to third
Batting: SHB Bob Hamilton 0-0: Called Strike
0-1: Called Strike
0-2: Strikes out swinging
Batting: RHB Ryan Walker 0-0: Ball
1-0: Ball
2-0: Ball
3-0: Called Strike
3-1: Foul Ball, location: 2F
3-2: Ground out 4-3 (Groundball, 4, EV 81.9 MPH)
Brian Gargis scores
Eddy Marcos to third
Pinch Hitting: LHB Trevor Spaulding 0-0: Called Strike
0-1: Ball
1-1: Swinging Strike
1-2: Ground out 6-3 (Groundball, 6, EV 84.4 MPH)
Top of the 9th over - 2 runs, 2 hits, 0 errors, 1 left on base; Eugene 2 - Salem-Keizer 7
Thursday, March 31st , 2022 - OOTP Baseball 22.12 Build 89